 Dungeon Crawl Stone Soup version 0.30-a0-172-gc5509c9e31 (webtiles) character file.

Game seed: 843492659654739602

507 qw the Chopper (level 7, -2/44 HPs)
             Began as a Gargoyle Fighter on Oct 1, 2022.
             Slain by a gnoll
             ... wielding a +0 halberd
              (8 damage)
             ... on level 4 of the Dungeon.
             The game lasted 00:01:10 (3004 turns).

qw the Chopper (Gargoyle Fighter)                   Turns: 3004, Time: 00:01:10

Health: -2/44      AC: 13    Str: 22    XL:     7   Next: 18%
Magic:  7/7        EV:  7    Int:  8    God:
Gold:   218        SH:  4    Dex:  9    Spells: 6/6 levels left

rFire   . . .      SeeInvis .    Y - +1 war axe
rCold   . . .      Faith    .    c - +0 buckler
rNeg    + . .      Spirit   .    i - +0 chain mail
rPois   inf        Reflect  .    (no helmet)
rElec   +          Harm     .    (no cloak)
rCorr   .          Rampage  .    (no gloves)
Will    .....                    (no boots)
Stlth   ..........               (no amulet)
HPRegen 0.27/turn                (no ring)
MPRegen 0.10/turn                (no ring)

@: no status effects
A: sickness immunity, AC +4, negative energy resistance 1, electricity
resistance, torment resistance 1, petrification resistance
a: no special abilities


You were on level 4 of the Dungeon.
You visited 1 branch of the dungeon, and saw 4 of its levels.

You collected 218 gold pieces.


Innate Abilities, Weirdness & Mutations

You are immune to sickness and miasma.
Your stone body is resilient. (AC +4)
You are immune to poison.
You resist negative energy. (rN+)
You are resistant to electric shocks. (rElec)
You are resistant to unholy torment.
You are immune to petrification.


   Skills:
 - Level 4.6 Fighting
 + Level 6.1 Axes
 - Level 3.2 Armour
 - Level 1.0 Dodging
 - Level 3.2 Shields


You had 6 spell levels left.
You didn't know any spells.
Your spell library was empty.

Inventory:

Hand Weapons
 g - a +0 flail
 Y - a +1 war axe (weapon)
Missiles
 k - 4 boomerangs (quivered)
Armour
 c - a +0 buckler (worn)
 i - a +0 chain mail (worn)
Scrolls
 a - 5 scrolls of identify
Potions
 b - a potion of berserk rage {unknown}
 d - a potion of might
 e - 5 potions of curing
 f - a potion of cancellation
 h - a potion of lignification

Dungeon Overview and Level Annotations

Branches:
Dungeon (4/15)
 Temple: D:4-7

Altars:
Ru

Shops:
D:1 =

Annotations:
D:3 1 runed translucent door, Crazy Yiuf


Message History

The gnoll barely misses you.
You slash the gnoll!
The gnoll is almost dead.
The gnoll hits you but does no damage.
You barely miss the gnoll.
The gnoll is almost dead.
A ball python comes into view.
The gnoll barely misses you. The gnoll hits you but does no damage.
You completely miss the gnoll.
The gnoll is almost dead.
The ball python hisses angrily.
The gnoll hits you from afar with a +0 halberd.
You hit the gnoll.
You kill the gnoll!
You hit the gnoll but do no damage.
The gnoll hits you but does no damage. x2; You block the gnoll's attack.
The gnoll hits you with a +0 flail! The gnoll barely misses you.
The gnoll completely misses you.
You barely miss the gnoll. You closely miss the ball python.
You block the ball python's attack. The ball python grabs you.
The ball python constricts you.
The gnoll hits you from afar with a +0 spear.
The gnoll hits you from afar with a +0 halberd.
You block the gnoll's attack.
You hit the ball python.
You kill the ball python!
You hit the gnoll. The gnoll hits you with a +0 flail.
The gnoll barely misses you. You block the gnoll's attack.
You hit the gnoll.
The gnoll is heavily wounded.
The gnoll hits you with a +0 flail.
The gnoll hits you from afar with a +0 spear.
The gnoll hits you from afar with a +0 halberd.
You hit the gnoll.
The gnoll is severely wounded.
The gnoll barely misses you. The gnoll hits you but does no damage.
The gnoll hits you from afar with a +0 halberd.
The gnoll hits you from afar with a +0 halberd!
You die...

... # ... .##### .. ##..
#....... ...#...
##....... ##.....
##........ .....g.
##.........
##...#######..........
.#..g)@..##............
......g.................
.......................<
.##.....................
#...................###
...####......##..#####
... ############ ##


You could see 3 gnolls.

Vanquished Creatures
  A centaur (D:4)
  A phantom (D:4)
  A scorpion (D:4)
  2 orc priests (D:3)
  3 hounds (D:4)
  Jessica (D:2)
  A gnoll (D:4)
  2 adders
  An ufetubus (D:4)
  2 worms (D:2)
  5 dart slugs
  An orc (D:3)
  5 bats
  5 endoplasms
  2 giant cockroaches
  8 hobgoblins
  3 jackals (D:1)
  2 quokkas (D:1)
  7 ball pythons
  3 frilled lizards
  5 goblins
  8 kobolds
  3 rats
72 creatures vanquished.

Vanquished Creatures (others)
  A fungus (D:1)
  A plant (D:1)
2 creatures vanquished.

Grand Total: 74 creatures vanquished

Notes
Turn   | Place    | Note
-------+----------+-------------------------------------------
     0 | D:1      | qw the Gargoyle Fighter began the quest for the Orb.
     0 | D:1      | Reached XP level 1. HP: 14/14 MP: 1/1
     0 | D:1      | 0 ||| qw: Version: 0.2-a-13-gfc7b4b4
     0 | D:1      | 0 ||| qw: Game counter: 1804
     0 | D:1      | 0 ||| qw: Always use a shield: true
     0 | D:1      | 0 ||| qw: God list: Okawaru
     0 | D:1      | 0 ||| qw: Allow faded altars: false
     0 | D:1      | 0 ||| qw: Do Orc after D:15 true
     0 | D:1      | 0 ||| qw: Do second Lair branch before Depths: true
     0 | D:1      | 0 ||| qw: Lair rune preference: random
     0 | D:1      | 0 ||| qw: Plans: Normal, Zot:1-4, God:TSO, Crypt, Tomb,
                  | Pan, Slime:5, Hells, Abyss, Orb
     0 | D:1      | 0 ||| PLANNING D:1-11
    34 | D:1      | 34 ||| Stepping ~*~*~tactically~*~*~ (stealth).
    35 | D:1      | 35 ||| Stepping ~*~*~tactically~*~*~ (stealth).
    42 | D:1      | Reached skill level 2 in Axes
    70 | D:1      | 70 ||| Stepping ~*~*~tactically~*~*~ (stealth).
    88 | D:1      | Reached XP level 2. HP: 9/19 MP: 2/2
    91 | D:1      | 91 ||| Stepping ~*~*~tactically~*~*~ (stealth).
   190 | D:1      | 190 ||| Stepping ~*~*~tactically~*~*~ (hiding).
   191 | D:1      | 191 ||| Stepping ~*~*~tactically~*~*~ (hiding).
   233 | D:1      | Reached skill level 3 in Axes
   270 | D:1      | Reached XP level 3. HP: 23/23 MP: 3/3
   312 | D:1      | Found a faded altar of an unknown god.
   653 | D:1      | 653 ||| Stepping ~*~*~tactically~*~*~ (hiding).
   774 | D:1      | Found Raptaxa's Jewellery Shop.
   784 | D:1      | 784 ||| SHOPLISTING +4 ring of evasion (360 gold, have 50).
   784 | D:1      | 784 ||| SHOPLISTING +4 ring of slaying (780 gold, have 50).
   784 | D:1      | 784 ||| SHOPLISTING +6 ring of dexterity (360 gold, have
                  | 50).
   784 | D:1      | 784 ||| SHOPLISTING +6 ring of strength (360 gold, have
                  | 50).
   784 | D:1      | 784 ||| SHOPLISTING amulet of guardian spirit (300 gold,
                  | have 50).
   784 | D:1      | 784 ||| SHOPLISTING amulet of regeneration (300 gold, have
                  | 50).
   859 | D:1      | 859 ||| DROPPING ring of flight.
   860 | D:1      | 860 ||| READING 2 scrolls labelled VERU RUIFI.
   861 | D:1      | 861 ||| READING scroll labelled CAOCAT TIOKH.
   862 | D:1      | 862 ||| DRINKING 3 inky potions.
   989 | D:2      | You fall into a shaft and drop 1 floor!
  1043 | D:3      | 1043 ||| READING scroll labelled LOB BIDORPHOC.
  1063 | D:2      | 1063 ||| Stepping ~*~*~tactically~*~*~ (hiding).
  1141 | D:2      | Reached XP level 4. HP: 28/28 MP: 4/4
  1292 | D:2      | Noticed Jessica
  1293 | D:2      | 1293 ||| Stepping ~*~*~tactically~*~*~ (hiding).
  1305 | D:2      | Killed Jessica
  1306 | D:2      | Reached skill level 4 in Axes
  1474 | D:2      | 1474 ||| Stepping ~*~*~tactically~*~*~ (stealth).
  1481 | D:2      | 1481 ||| Stepping ~*~*~tactically~*~*~ (stealth).
  1487 | D:2      | 1487 ||| FLEEEEING.
  1488 | D:2      | 1488 ||| FLEEEEING.
  1489 | D:2      | 1489 ||| FLEEEEING.
  1721 | D:2      | 1721 ||| UPGRADING to +0 chain mail.
  1731 | D:2      | 1731 ||| DROPPING +0 scale mail.
  1732 | D:2      | 1732 ||| READING scroll labelled HITIGAM ROIPO.
  1733 | D:2      | 1733 ||| READING scroll labelled MIOMUU IBBALO.
  1737 | D:2      | 1737 ||| READING 2 scrolls labelled XITWIA JUAWK.
  1758 | D:2      | 1758 ||| READING scroll labelled GIHOBA BICVA.
  1759 | D:2      | 1759 ||| READING 5 scrolls of identify.
  1759 | D:2      | 1759 ||| IDENTIFYING purple potion
  1760 | D:2      | 1760 ||| DROPPING scroll of torment.
  1884 | D:3      | Found a runed translucent door.
  1885 | D:3      | Noticed Crazy Yiuf
  1904 | D:3      | 1904 ||| Stepping ~*~*~tactically~*~*~ (stealth).
  1906 | D:3      | 1906 ||| Stepping ~*~*~tactically~*~*~ (hiding).
  1924 | D:3      | Reached XP level 5. HP: 17/32 MP: 5/5
  1944 | D:3      | Reached skill level 5 in Axes
  2060 | D:3      | 2060 ||| DROPPING +0 club.
  2277 | D:3      | 2277 ||| Stepping ~*~*~tactically~*~*~ (stealth).
  2383 | D:3      | 2383 ||| READING 5 scrolls of identify.
  2383 | D:3      | 2383 ||| IDENTIFYING silvery potion
  2418 | D:4      | 2418 ||| STAIRDANCE
  2499 | D:4      | Noticed a phantom
  2514 | D:4      | Killed a phantom
  2515 | D:4      | Reached XP level 6. HP: 30/39 MP: 6/6
  2553 | D:4      | Found a sacrificial altar of Ru.
  2695 | D:4      | Reached skill level 6 in Axes
  2695 | D:4      | Reached XP level 7. HP: 28/44 MP: 7/7
  2764 | D:4      | 2764 ||| DROPPING +0 mace.
  2852 | D:4      | Reached skill level 1 in Dodging
  3003 | D:4      | HP: 9/44 [gnoll/+0 halberd (3)]
  3004 | D:4      | Slain by a gnoll

Levels and vault maps discovered:
D:1:      saegor_arrival_simple_e, layout_rooms, serial_shops,
          nicolae_lakefront_shop, shapermc_ecumenical_altar_acropolis
D:2:      layout_basic, kennysheep_nub, uniq_jessica
D:3:      layout_loops_ring, uniq_crazy_yiuf_cottage
D:4:      layout_layer_cave, lemuel_crystal_altar, hangedman_decor_points

Skill      XL: |  1  2  3  4  5  6  7 |
---------------+----------------------+-----
Axes           | 2 3 4 5 6 |  6.1
Fighting       | 4 |  4.6
Dodging        | 1 |  1.0
Armour         | |  3.2
Shields        | |  3.2

Action                   |  1- 3 |  4- 6 |  7- 9 || total
-------------------------+-------+-------+-------++-------
Melee: War axe           |    85 |   101 |    22 ||   208
Throw: Boomerang         |       |    27 |     8 ||    35
  Use: Scroll            |     3 |     6 |       ||     9
       Potion            |     1 |       |       ||     1
Armor: Scale mail        |    48 |     6 |       ||    54
       Chain mail        |       |    52 |    12 ||    64
Dodge: Dodged            |    42 |    35 |    13 ||    90
Block: Buckler           |    18 |    18 |     7 ||    43

Table legend:
 A = Non-vault XP
 B = Vault XP
 C = Vault XP percentage of total XP
 D = Non-vault monster count
 E = Vault monster count
 F = Vault count percentage of total count
                 A         B        C        D         E       F
            +---------+---------+-------+---------+---------+-------
      Total |     688 |      37 |   5.1 |      71 |       1 |   1.4
            +---------+---------+-------+---------+---------+-------
        D:1 |      49 |       0 |   0.0 |      27 |       0 |   0.0
        D:2 |      53 |      37 |  41.1 |      17 |       1 |   5.6
        D:3 |     109 |       0 |   0.0 |      10 |       0 |   0.0
        D:4 |     477 |       0 |   0.0 |      17 |       0 |   0.0
            +---------+---------+-------+---------+---------+-------
